 Dungeon Crawl Stone Soup version 0.24.0-29-g8ce449bc06 (webtiles) character file.

Game seed: 12224129081832370436, levelgen mode: deterministic

42499 Flugslaktarn the Cleaver (level 13, -5/121 HPs)
             Began as a Deep Dwarf Fighter on Nov 14, 2019.
             Was an Elder of Makhleb.
             Slain by a titanic slime creature (84 damage)
             ... on level 1 of the Swamp.
             The game lasted 00:08:51 (10607 turns).

Flugslaktarn the Cleaver (Deep Dwarf Fighter)      Turns: 10607, Time: 00:08:51

Health: -5/121     AC: 25    Str: 28    XL:     13   Next: 85%
Magic:  16/16      EV:  7    Int:  7    God:    Makhleb [****..]
Gold:   751        SH: 13    Dex: 14    Spells: 12/12 levels left

rFire    + . .     SeeInvis .   o - +3 hand axe (freeze)
rCold    + . .     Gourm    .   c - +0 shield
rNeg     . . .     Faith    .   j - +0 plate armour
rPois    .         Spirit   .   b - +2 helmet
rElec    .         Reflect  .   O - scarf {rC+ rF+}
rCorr    .         Harm     .   l - +2 pair of gloves {Str+3}
MR       +....     Clarity  +   k - +2 pair of boots
Stlth    ..........             (no amulet)
HPRegen  0.00/turn              n - +2 ring of dexterity
MPRegen  0.15/turn              (no ring)

@: non-regenerating
A: damage resistance, heal wounds, clarity, dopey 1, sense surroundings 2,
evolution 1, no regeneration
a: Heal Wounds, Minor Destruction, Lesser Servant of Makhleb, Major Destruction,
Renounce Religion


You were on level 1 of the Swamp.
You worshipped Makhleb.
Makhleb was greatly pleased with you.
You were not hungry.

You visited 4 branches of the dungeon, and saw 17 of its levels.

You collected 847 gold pieces.
You spent 96 gold pieces at shops.

Inventory:

Hand Weapons
 a - a +0 war axe
 o - a +3 hand axe of freezing (weapon)
   (You took it off a wight on level 7 of the Dungeon)
Missiles
 p - a throwing net (quivered)
Armour
 b - a +2 helmet (worn)
   (You found it on level 4 of the Dungeon)
 c - a +0 shield (worn)
 j - a +0 plate armour (worn)
   (You found it on level 6 of the Dungeon)
 k - a +2 pair of boots (worn)
   (You found it on level 3 of the Dungeon)
 l - a +2 pair of gloves of strength (worn)
   (You found it on level 6 of the Dungeon)
 H - a +0 cloak
   (You found it on level 4 of the Dungeon)
 O - a scarf of resistance (worn)
   (You found it on level 4 of the Lair of Beasts)
Jewellery
 g - a cursed ring of attention {unknown}
   (You found it on level 4 of the Lair of Beasts)
 n - a +2 ring of dexterity (left hand)
   (You found it on level 6 of the Dungeon)
 y - a +6 ring of protection {unknown}
   (You found it on level 1 of the Lair of Beasts)
 B - a +4 ring of protection {unknown}
   (You found it on level 8 of the Dungeon)
 M - an uncursed ring of protection from magic {unknown}
   (You found it on level 3 of the Lair of Beasts)
 N - a +3 amulet of reflection {unknown}
   (You found it on level 4 of the Lair of Beasts)
 Q - the ring "Zoseebb" {rC+ rN+ Int-4 Dex+4 Slay+6, unknown}
   (You found it on level 6 of the Lair of Beasts)

   [ring of protection from cold]

   It affects your intelligence (-4).
   It affects your dexterity (+4).
   It affects your accuracy and damage with ranged weapons and melee attacks
   (+6).
   It protects you from cold.
   It protects you from negative energy.
Wands
 v - a wand of digging (4)
   (You found it on level 6 of the Lair of Beasts)
 x - a wand of paralysis (19)
   (You found it on level 7 of the Dungeon)
 L - a wand of scattershot (1)
   (You found it on level 8 of the Dungeon)
 S - a wand of acid (9)
   (You found it on level 6 of the Lair of Beasts)
Scrolls
 f - a scroll of fog
 i - a scroll of silence {unknown}
 m - a scroll of vulnerability {unknown}
 r - 3 scrolls of identify
 t - 2 scrolls of teleportation
 w - 4 scrolls of remove curse
 A - a scroll of enchant weapon {unknown}
 D - a scroll of fear {unknown}
 E - 5 scrolls of magic mapping
 G - a scroll of enchant armour
 K - a scroll of noise {unknown}
Potions
 d - 3 potions of might
 h - 2 potions of haste
 q - a potion of heal wounds {unknown}
 s - 3 potions of agility
 u - 4 potions of ambrosia
 z - 3 potions of magic {unknown}
 C - 2 potions of flight
 F - 3 potions of lignification {unknown}
 I - a potion of berserk rage {unknown}
 J - a potion of brilliance {unknown}
 R - a potion of invisibility {unknown}
 U - 7 potions of curing
Miscellaneous
 T - a phial of floods
   (You found it on level 6 of the Lair of Beasts)
Comestibles
 e - 27 rations


   Skills:
 + Level 9.5 Fighting
 * Level 14.6 Axes
 + Level 11.1 Armour
 + Level 11.1 Shields
 + Level 10.2 Invocations
 + Level 10.3 Evocations


You had 12 spell levels left.
You didn't know any spells.
Your spell library was empty.

Dungeon Overview and Level Annotations

Branches:
Dungeon (9/15)             Temple (1/1) D:5            Lair (6/6) D:9
  Swamp (1/4) Lair:2       Spider (0/4) Lair:3        Slime (0/5) Lair:5
    Orc: D:9-12

Altars:
Ashenzari
Cheibriados
Dithmenos
Elyvilon
Fedhas
Gozag
Hepliaklqana
Makhleb
Nemelex Xobeh
Okawaru
Qazlal
Ru
Sif Muna
Trog
Uskayaw
Vehumet
Wu Jian
Xom
Yredelemnul
Zin
The Shining One

Shops:
D:4 !   D:5 !   D:6 [

Annotations:
D:4 Grinder
D:5 Prince Ribbit
D:6 2 transporters
Lair:4 2 transporters, Aricsoirch's ghost, journeyman GrFi


Innate Abilities, Weirdness & Mutations

You are resistant to damage.
You can heal yourself by infusing magical energy.
You passively map the area around you.
You do not regenerate.
You possess an exceptional clarity of mind.
You are dopey. (Int -2)
You evolve.


Message History

You hit the large slime creature but do no damage.
You block the slime creature's attack.
A very large slime creature splits.
You slash the slime creature! You freeze the slime creature.
The slime creature is almost dead.
You hit the large slime creature. You freeze the large slime creature.
The large slime creature hits you!!
You hit the slime creature. You freeze the slime creature.
You kill the slime creature!
Makhleb accepts your kill.
You feel better.
You hit the large slime creature. You freeze the large slime creature.
Two slime creatures merge to form an enormous slime creature.
Two slime creatures merge to form a titanic slime creature.
You hit the titanic slime creature. You freeze the titanic slime creature.
The titanic slime creature is moderately wounded.
You hit the titanic slime creature. You freeze the titanic slime creature.
The titanic slime creature is moderately wounded.
The titanic slime creature hits you!!!!
Ouch! That really hurt!
You die...

>≈≈..≈. ,,≈≈ ≈..
, , .≈≈≈≈≈.
♣≈♣≈≈.≈ ,≈ ,
≈≈≈≈≈≈≈≈ ≈≈♣≈≈.≈
* , , ≈≈≈≈≈≈.≈
≈≈≈..≈≈ * ,,,*
≈≈≈..♣.♣♣≈≈..≈.≈
, , ≈ *
*♣..≈≈≈≈≈[≈≈.≈ ,
≈ ≈≈ , ≈ , , *
♣≈<≈≈.....≈ ≈ ≈
≈ ≈≈
♣♣.≈≈≈≈...., ≈
,,* ♣@≈♣≈....≈≈
♣J♣.♣.≈... , *
♣.(≈≈≈..♣. *,
,≈, ♣.♣♣≈..♣♣ ,
, , * ≈ ,
..≈≈..♣♣** , , ≈
,.≈. .♣♣ * , ≈ ,
.≈≈ * * * ,*
,,** .≈≈§. * ≈
,≈ , ,


You could see a titanic slime creature.

Vanquished Creatures
  9 hydras
  A merfolk avatar (Lair:6)
  Erica (Lair:2)
  7 death yaks (Lair:4)
  A lindwurm (Lair:5)
  A harpy (Lair:6)
  2 manticores (Lair:6)
  7 elephants
  5 black mambas
  10 spiny frogs
  2 rime drakes (Lair:6)
  11 komodo dragons
  A hornet (Lair:6)
  A wind drake (Lair:6)
  2 tyrant leeches (Swamp:1)
  6 polar bears
  A slime creature (Swamp:1)
  7 blink frogs (Lair:6)
  4 hippogriffs
  6 dream sheep (Lair:4)
  Sigmund (D:5)
  24 yaks
  3 wyverns
  A human (D:8)
  3 hogs (D:8)
  2 hungry ghosts (D:8)
  3 basilisks
  Edmund (D:6)
  Menkaure (D:6)
  Duvessa (D:5)
  12 water moccasins
  10 porcupines
  An ice beast (D:9)
  2 orc warriors (D:7)
  A black bear (D:5)
  2 phantoms
  3 centaurs
  4 ogres
  4 wolves (Lair:4)
  14 crocodiles
  2 big kobolds
  16 bullfrogs
  4 scorpions
  A water moccasin skeleton (D:7)
  Dowan (D:5)
  11 killer bees
  4 wights (D:7)
  A hound (D:4)
  A jelly (D:4)
  5 crimson imps
  A quasit (D:8)
  A bullfrog skeleton (D:4)
  A gnoll shaman (D:7)
  An orc priest (D:7)
  3 iguanas
  3 worker ants
  A hell rat (Lair:4)
  A killer bee zombie (D:8)
  A hound zombie (D:6)
  A hound skeleton (D:5)
  10 gnolls
  A howler monkey skeleton (D:9)
  7 adders
  2 shadow imps (D:5)
  An adder skeleton (D:5)
  5 worms
  A dart slug (D:2)
  3 leopard geckos
  8 orcs
  A ball python (D:2)
  6 giant cockroaches
  4 goblins
  A hobgoblin (D:2)
  8 jackals (D:1)
  7 quokkas
  3 bats
  5 frilled lizards
  13 kobolds
  2 quokka skeletons (D:4)
  3 rats (D:1)
  4 fungi
333 creatures vanquished.

Vanquished Creatures (collateral kills)
  A rime drake (Lair:4)
1 creature vanquished.

Vanquished Creatures (others)
  A two-headed ogre (D:9)
  A bush (Lair:5)
  6 fungi
  8 plants (Lair:6)
16 creatures vanquished.

Grand Total: 350 creatures vanquished

Notes
Turn   | Place    | Note
-------+----------+-------------------------------------------
     0 | D:1      | Flugslaktarn the Deep Dwarf Fighter began the quest for the
                  | Orb.
     0 | D:1      | Reached XP level 1. HP: 20/20 MP: 1/1
    57 | D:1      | Reached XP level 2. HP: 24/27 MP: 2/2
   105 | D:2      | Reached skill level 3 in Axes
   111 | D:2      | Reached XP level 3. HP: 27/33 MP: 3/3
   245 | D:2      | Reached XP level 4. HP: 36/42 MP: 4/4
   547 | D:4      | Reached skill level 4 in Axes
   608 | D:4      | Reached XP level 5. HP: 29/49 MP: 5/5
   611 | D:4      | Found Haytzuit's Distillery.
   643 | D:4      | Bought a potion of mutation for 96 gold pieces
   643 | D:4      | Gained mutation: You are weak. (Str -2) [potion of
                  | mutation]
   643 | D:4      | Gained mutation: Your spells are a little harder to cast,
                  | but a little more powerful. [potion of mutation]
   643 | D:4      | Gained mutation: You are covered in fur. (AC +1) [potion of
                  | mutation]
   776 | D:4      | Noticed a phantom
   792 | D:4      | Killed a phantom
   792 | D:4      | Reached XP level 6. HP: 43/57 MP: 6/6
   942 | D:4      | Reached skill level 5 in Axes
  1191 | D:4      | Noticed Grinder
  1194 | D:4      | Paralysed by Grinder for 7 turns
  1255 | D:5      | Entered Level 5 of the Dungeon
  1271 | D:5      | Found Decleexyss's Distillery.
  1420 | D:5      | Reached XP level 7. HP: 38/64 MP: 7/7
  1551 | D:5      | Noticed Duvessa
  1556 | D:5      | Noticed Dowan
  1567 | D:5      | Killed Dowan
  1567 | D:5      | Reached skill level 5 in Armour
  1579 | D:5      | Killed Duvessa
  1579 | D:5      | Reached skill level 6 in Axes
  1579 | D:5      | Reached skill level 5 in Shields
  1580 | D:5      | Found a staircase to the Ecumenical Temple.
  1624 | Temple   | Entered the Ecumenical Temple
  1832 | D:5      | Noticed Prince Ribbit
  2200 | D:5      | Noticed Sigmund
  2235 | D:5      | Killed Sigmund
  2235 | D:5      | Reached skill level 7 in Axes
  2235 | D:5      | Reached XP level 8. HP: 60/73 MP: 7/7
  2464 | D:6      | Found a transporter.
  2549 | D:6      | Found a transporter.
  2569 | D:6      | Noticed Menkaure
  2578 | D:6      | Killed Menkaure
  2590 | D:6      | Reached skill level 5 in Fighting
  2595 | D:6      | Found Honuypt's Armour Emporium.
  2938 | D:6      | Noticed Edmund
  2951 | D:6      | Killed Edmund
  3017 | D:6      | Reached skill level 8 in Axes
  3138 | D:6      | Lost mutation: You are weak. (Str -2) [potion of mutation]
  3138 | D:6      | Lost mutation: You are covered in fur. (AC +1) [potion of
                  | mutation]
  3138 | D:6      | Lost mutation: Your spells are a little harder to cast, but
                  | a little more powerful. [potion of mutation]
  3138 | D:6      | Gained mutation: You are dopey. (Int -2) [potion of
                  | mutation]
  3138 | D:6      | Gained mutation: You evolve. [potion of mutation]
  3303 | D:7      | Gained mutation: You passively map the area around you.
                  | [Deep Dwarf growth]
  3303 | D:7      | Reached XP level 9. HP: 46/81 MP: 8/8
  3417 | D:7      | Reached skill level 9 in Axes
  3677 | D:7      | Paralysed by an orc warrior for 6 turns
  3928 | D:7      | Found an opulent altar of Gozag.
  3928 | D:7      | Found a burning altar of Makhleb.
  3929 | D:7      | Found a hide-covered altar of Uskayaw.
  4077 | D:7      | Became a worshipper of Makhleb the Destroyer
  4182 | D:8      | Found a blossoming altar of Fedhas.
  4184 | D:8      | Found a stormy altar of Qazlal.
  4228 | D:8      | Reached skill level 1 in Invocations
  4228 | D:8      | Reached skill level 1 in Evocations
  4377 | D:8      | Reached skill level 10 in Axes
  4377 | D:8      | Reached XP level 10. HP: 66/92 MP: 9/11
  4663 | D:9      | Found a staircase to the Lair.
  4677 | D:9      | Reached * piety under Makhleb
  4716 | D:9      | Noticed a two-headed ogre
  4719 | D:9      | Noticed a catoblepas
  4719 | D:9      | Noticed a two-headed ogre
  4742 | D:9      | Killed a two-headed ogre
  4755 | Lair:1   | Entered Level 1 of the Lair of Beasts
  4766 | Lair:1   | Noticed a four-headed hydra
  4778 | Lair:1   | Killed a five-headed hydra
  5001 | Lair:1   | Noticed a spiny frog
  5013 | Lair:1   | Killed a spiny frog
  5013 | Lair:1   | Reached skill level 11 in Axes
  5064 | Lair:1   | Reached skill level 5 in Invocations
  5254 | Lair:1   | Gained mutation: You possess an exceptional clarity of
                  | mind. [evolution]
  5333 | Lair:1   | Reached skill level 5 in Evocations
  5641 | Lair:2   | Noticed a four-headed hydra
  5651 | Lair:2   | Killed a ten-headed hydra
  5651 | Lair:2   | Reached XP level 11. HP: 65/100 MP: 12/12
  5659 | Lair:2   | Noticed Erica
  5670 | Lair:2   | Killed Erica
  5766 | Lair:2   | Found a staircase to the Swamp.
  6662 | Lair:3   | Found a hole to the Spider Nest.
  6744 | Lair:3   | Noticed an eight-headed hydra
  6748 | Lair:3   | Killed an eight-headed hydra
  6938 | Lair:3   | Reached ** piety under Makhleb
  7286 | Lair:4   | Reached skill level 12 in Axes
  7372 | Lair:4   | Noticed a four-headed hydra
  7387 | Lair:4   | Killed a 14-headed hydra
  7451 | Lair:4   | Found a transporter.
  7451 | Lair:4   | Found a transporter.
  7457 | Lair:4   | Noticed a death yak
  7457 | Lair:4   | Noticed a death yak
  7457 | Lair:4   | Noticed a death yak
  7459 | Lair:4   | Noticed a death yak
  7460 | Lair:4   | Noticed a death yak
  7460 | Lair:4   | Noticed a death yak
  7502 | Lair:4   | Killed a death yak
  7517 | Lair:4   | Killed a death yak
  7517 | Lair:4   | Reached XP level 12. HP: 68/110 MP: 14/14
  7537 | Lair:4   | Killed a death yak
  7567 | Lair:4   | Killed a death yak
  7587 | Lair:4   | Killed a death yak
  7621 | Lair:4   | Killed a death yak
  7757 | Lair:4   | Noticed Aricsoirch's ghost (journeyman GrFi)
  7944 | Lair:4   | Noticed a seven-headed hydra
  7959 | Lair:4   | Killed a ten-headed hydra
  7959 | Lair:4   | Reached skill level 13 in Axes
  7983 | Lair:4   | Reached *** piety under Makhleb
  8007 | Lair:4   | Reached skill level 10 in Armour
  8136 | Lair:4   | Noticed a six-headed hydra
  8145 | Lair:4   | Killed a ten-headed hydra
  8145 | Lair:4   | Reached skill level 10 in Shields
  8179 | Lair:4   | Noticed an eight-headed hydra
  8198 | Lair:4   | Killed an eight-headed hydra
  8402 | Lair:4   | Noticed a death yak
  8423 | Lair:4   | Killed a death yak
  8652 | Lair:5   | Found a staircase to the Slime Pits.
  8756 | Lair:5   | Noticed a four-headed hydra
  8777 | Lair:5   | Killed an eight-headed hydra
  8809 | Lair:5   | Reached XP level 13. HP: 103/118 MP: 15/15
  9435 | Lair:6   | Entered Level 6 of the Lair of Beasts
  9575 | Lair:6   | Reached **** piety under Makhleb
  9723 | Lair:6   | Reached skill level 14 in Axes
  9920 | Lair:6   | Got a glittering pewter ring
 10009 | Lair:6   | Reached skill level 10 in Evocations
 10064 | Lair:6   | Reached skill level 10 in Invocations
 10362 | Lair:6   | Reached ***** piety under Makhleb
 10576 | Swamp:1  | Entered Level 1 of the Swamp
 10607 | Swamp:1  | Slain by a titanic slime creature

Levels and vault maps discovered:
D:1:      dpeg_arrival_pond, layout_basic
D:2:      layout_rooms, grunt_ministairs_10, uniq_terence, uniq_natasha,
          uniq_crazy_yiuf_cottage
D:3:      layout_loops_ring
D:4:      layout_loops_ring, serial_shops, nicolae_shop_statue_plus,
          st_stairs_8, uniq_grinder
D:5:      black_bear_nest_1, layout_gridville, minmay_temple_entry_offerings,
          first_ration, serial_shops, shop, grunt_decor_mini_mirrors,
          nrook_loot_triangle, uniq_duvessa, uniq_sigmund, uniq_prince_ribbit1
D:6:      gammafunk_steamed_eel, layout_basic, serial_shops, shop, uniq_edmund,
          uniq_menkaure
D:7:      layout_loops_corners, gammafunk_temple_overflow_claw,
          grunt_ministairs_7
D:8:      layout_cave_pools, grunt_temple_overflow_forces_of_nature,
          grunt_livestock
D:9:      layout_stronghold, kennysheep_mini_moat, lair_entry_dummy,
          minmay_pinched_square
Temple:   nicolae_temple_elliptical
Lair:1:   layout_gridlike, nicolae_quartered_pool_little
Lair:2:   layout_cave_pods, swamp_mist, uniq_erica
Lair:3:   layout_loops_ring, dummy_spider_entry
Lair:4:   layout_regular_city, gammafunk_ghost_hive, fungi_pond_lemuel,
          minmay_shattered_shrine, serial_bayou_shore_a
Lair:5:   layout_regular_city, dpeg_slime_entry_corner, serial_forest,
          infiniplex_forest_lined_ring, infiniplex_forest_diagonal,
          infiniplex_forest_straight_3, infiniplex_forest_clump_C,
          infiniplex_forest_zigzag_2, infiniplex_forest_lined_3
Lair:6:   gammafunk_lair_ancient_temple, layout_regular_city, lemuel_fruit_tree
Swamp:1:  layout_falls_marsh, serial_swamp_ruin, evilmike_swamp_ruin_house_1,
          evilmike_swamp_ruin_rubble_2, evilmike_swamp_ruin_wall, uniq_nikola,
          uniq_frances

Skill      XL: |  1  2  3  4  5  6  7  8  9 10 11 12 13 |
---------------+----------------------------------------+-----
Axes           | 3 4 5 7 8 10 11 12 13 14 | 14.6
Fighting       | 3 4 5 6 7 8 9 |  9.5
Armour         | 4 5 6 7 8 9 10 11 | 11.1
Shields        | 4 5 6 7 8 9 10 11 | 11.1
Invocations    | 2 5 7 9 10 | 10.2
Evocations     | 2 5 7 9 10 | 10.3

Action                   |  1- 3 |  4- 6 |  7- 9 | 10-12 | 13-15 || total
-------------------------+-------+-------+-------+-------+-------++-------
Melee: War axe           |    82 |   153 |   259 |       |       ||   494
       Hand axe          |       |       |   247 |   711 |   469 ||  1427
Invok: Lesser Servant of |       |       |       |     3 |       ||     3
 Abil: Heal Wounds       |     1 |     1 |    13 |    18 |     3 ||    36
Evoke: Wand              |       |       |       |     9 |     1 ||    10
  Use: Potion            |       |     1 |     1 |       |       ||     2
       Scroll            |       |     6 |       |    10 |       ||    16
 Stab: Paralysed         |       |       |       |     5 |       ||     5
  Eat: Chunk             |       |     2 |    10 |     8 |     5 ||    25
       Ration            |       |       |     2 |     3 |       ||     5
Armor: Scale mail        |    55 |    30 |       |       |       ||    85
       Chain mail        |       |    84 |    85 |       |       ||   169
       Plate armour      |       |       |   142 |   336 |   298 ||   776
Dodge: Dodged            |    35 |    40 |    85 |   128 |   109 ||   397
Block: Shield            |    45 |    92 |   268 |   316 |   300 ||  1021
